 Dungeon Crawl Stone Soup version 0.24-a0-271-ga0fc33f (webtiles) character file.

Game seed: 1228038309271696025

147 AngleWyrm the Caller (level 5, 0/36 HPs)
             Began as a Merfolk Summoner on Apr 22, 2019.
             Was an Initiate of Sif Muna.
             Succumbed to a worker ant's poison
             ... on level 4 of the Dungeon.
             The game lasted 00:40:39 (4495 turns).

AngleWyrm the Caller (Merfolk Summoner)             Turns: 4495, Time: 00:40:40

Health: 0/36       AC:  5    Str: 10      XL:     5   Next: 29%
Magic:  4/9        EV: 13    Int: 13 (14) God:    Sif Muna [......]
Gold:   217        SH:  0    Dex: 16 (18) Spells: 3/9 levels left

rFire    . . .     SeeInvis +   r - +0 trident
rCold    . . .     Gourm    .   (no shield)
rNeg     . . .     Faith    .   a - +0 robe
rPois    .         Spirit   .   (no helmet)
rElec    .         Reflect  .   (no cloak)
rCorr    +         Harm     .   j - +0 pair of gloves
MR       .....                  l - +1 pair of boots
Stlth    ++........             (no amulet)
HPRegen  0.12/turn              f - +4 ring of dexterity
MPRegen  0.11/turn              h - ring of resist corrosion

@: lethally poisoned (0 -> -1)
A: change form in water, swift swim, stealthy swim, see invisible
a: Renounce Religion


You were on level 4 of the Dungeon.
You worshipped Sif Muna.
Sif Muna was noncommittal.
You were very hungry.

You visited 1 branch of the dungeon, and saw 4 of its levels.

You collected 217 gold pieces.

Inventory:

Hand Weapons
 b - a +1 short sword
 r - a +0 trident (weapon)
Missiles
 k - 114 stones (quivered)
 n - 20 arrows
Armour
 a - a +0 robe (worn)
 c - a +1 buckler of protection
 j - a +0 pair of gloves (worn)
 l - a +1 pair of boots (worn)
Jewellery
 f - a +4 ring of dexterity (left hand)
 h - a ring of resist corrosion (right hand)
Scrolls
 i - a scroll of remove curse
 o - 3 scrolls of identify
 s - a scroll of amnesia {unknown}
Potions
 d - 2 potions of brilliance
 e - a potion of degeneration
Comestibles
 m - 5 rations
 p - 5 chunks of flesh


   Skills:
 + Level 0.6 Fighting
 + Level 1.2 Short Blades
 + Level 0.2 Polearms
 * Level 1.5 Armour
 + Level 3.0 Dodging
 + Level 2.3 Stealth
 + Level 2.9 Spellcasting
 + Level 4.9 Summonings


You had 3 spell levels left.
You knew the following spells:

 Your Spells              Type           Power        Failure   Level  Hunger
a - Summon Small Mammal   Summ           ##..         3%          1    #......
b - Call Imp              Summ           ##......     4%          2    ###....
c - Call Canine Familiar  Summ           ##......     10%         3    ###....

Your spell library contained the following spells:

 Spells                   Type           Power        Failure   Level  Hunger
 Summon Guardian Golem    Hex/Summ       #.......     26%         3    ###....
 Summon Ice Beast         Ice/Summ       #.......     63%         4    #####..
 Summon Lightning Spire   Summ/Air       #.......     63%         4    #####..


Dungeon Overview and Level Annotations

Branches:
Dungeon (4/15)
 Temple: D:4-7

Altars:
Sif Muna

Annotations:
D:4 Dowan, Pikel


Innate Abilities, Weirdness & Mutations

You revert to your normal form in water You are very nimble and swift while swimming.
You are very stealthy in the water. (Stealth+)
You have supernaturally acute eyesight. (SInv)


Message History

Pikel is lightly wounded.
Your hound bites Pikel but does no damage.
Pikel hits you but does no damage.
Your hound closely misses Pikel.
Your crimson imp hits Pikel.
Pikel zaps a wand.
You resist with some effort.
You feel sick.
Your hound barely misses Pikel.
Your crimson imp blinks!
Your hound bites Pikel.
Pikel zaps a wand.
You resist with some effort.
You climb downwards.
Level annotation: Dowan
There is a stone staircase leading up here.
Pikel hits you with a +0 whip of freezing.
* * * LOW HITPOINT WARNING * * *
Pikel freezes you.
* * * LOW HITPOINT WARNING * * *
* * * LOW HITPOINT WARNING * * *
You feel sick. The dart slug launches a dart at you. The slug dart misses you.
Your magical contamination has completely faded away.
You die...

.# #.# #.# #.# #.# #
#.# # #.#########.#####
# #.....@..Ko.w.p.# #
###########.##.####+###
#...<...........
#.#####.##......
######o#####.##......
........o.o.#.##.##..#
#######.###.#o##.##...
#.# #o#o##.##... #.#
#.#....$....


You could see Pikel, a dart slug and an orc.

Vanquished Creatures
  A slave (D:3)
  3 adders
  A dart slug (D:1)
  2 leopard geckos (D:1)
  An orc (D:4)
  A giant cockroach (D:1)
  4 hobgoblins
  2 bats
  6 goblins
  A kobold (D:3)
  4 rats
26 creatures vanquished.

Vanquished Creatures (collateral kills)
  Terence (D:2)
  A worker ant (D:3)
  5 adders
  3 dart slugs (D:1)
  2 orcs (D:4)
  3 bats
  6 hobgoblins
  3 jackals (D:2)
  3 frilled lizards
  4 goblins
  3 kobolds
  6 rats
40 creatures vanquished.

Grand Total: 66 creatures vanquished

Notes
Turn   | Place    | Note
-------+----------+-------------------------------------------
     0 | D:1      | AngleWyrm the Merfolk Summoner began the quest for the Orb.
     0 | D:1      | Reached XP level 1. HP: 13/13 MP: 3/3
   473 | D:1      | Reached XP level 2. HP: 18/19 MP: 1/5
   486 | D:1      | Learned a level 2 spell: Call Imp
  1326 | D:1      | Reached XP level 3. HP: 9/25 MP: 6/6
  1696 | D:1      | Learned a level 3 spell: Call Canine Familiar
  2293 | D:2      | Reached XP level 4. HP: 31/31 MP: 3/7
  2829 | D:2      | Found a deep blue altar of Sif Muna.
  2835 | D:2      | Noticed Terence
  2838 | D:2      | Became a worshipper of Sif Muna the Loreminder
  2848 | D:2      | Killed Terence
  2848 | D:2      | Reached skill level 1 in Armour
  3054 | D:2      | Gained mutation: You do not regenerate when monsters are
                  | visible. [potion of mutation]
  3054 | D:2      | Lost mutation: You do not regenerate when monsters are
                  | visible. [potion of mutation]
  3054 | D:2      | Gained mutation: You have supernaturally acute eyesight.
                  | (SInv) [potion of mutation]
  3225 | D:3      | Reached skill level 1 in Short Blades
  4060 | D:4      | Noticed Dowan
  4084 | D:4      | Reached XP level 5. HP: 29/36 MP: 5/9
  4384 | D:4      | Noticed Pikel
  4387 | D:4      | Noticed a slave
  4387 | D:4      | Noticed a slave
  4390 | D:4      | Noticed a slave
  4390 | D:4      | Noticed a slave
  4418 | D:3      | Killed a slave
  4491 | D:4      | HP: 1/36 [poisoned by a worker ant]
  4495 | D:4      | Succumbed to a worker ant's poison

Levels and vault maps discovered:
D:1:      sevenhm_arrival_forest_fort_large_4, layout_basic
D:2:      layout_basic, nicolae_overflow_crystal_walls, first_ration,
          uniq_terence
D:3:      layout_basic
D:4:      layout_loops_ring, serial_shops, shop, serial_rivers,
          chequers_serial_rivers_small_a, chequers_serial_rivers_room_a,
          chequers_serial_rivers_room_b, chequers_serial_rivers_micro_d,
          chequers_serial_rivers_micro_b, uniq_duvessa, uniq_pikel

Skill      XL: |  1  2  3  4  5 |
---------------+----------------+-----
Armour         | 1 |  1.5
Short Blades   | 1 |  1.2
Dodging        | 3 |  3.0
Fighting       | |  0.6
Polearms       | |  0.2
Stealth        | |  2.3
Spellcasting   | |  2.9
Summonings     | |  4.9

Action                   |  1- 3 |  4- 6 || total
-------------------------+-------+-------++-------
Melee: Short sword       |    71 |    44 ||   115
       Unarmed           |     2 |       ||     2
       Trident           |       |    28 ||    28
Throw: Stone             |     1 |     1 ||     2
 Cast: Summon Small Mamm |    11 |     2 ||    13
       Call Imp          |    13 |    16 ||    29
       Call Canine Famil |     5 |     8 ||    13
  Use: Scroll            |     5 |     4 ||     9
       Potion            |       |     7 ||     7
 Stab: Sleeping          |       |     1 ||     1
  Eat: Chunk             |     3 |     4 ||     7
       Ration            |     1 |     1 ||     2
Armor: Robe              |    10 |    16 ||    26
Dodge: Dodged            |    58 |    67 ||   125

Table legend:
 A = Non-vault XP
 B = Vault XP
 C = Vault XP percentage of total XP
 D = Non-vault monster count
 E = Vault monster count
 F = Vault count percentage of total count
                 A         B        C        D         E       F
            +---------+---------+-------+---------+---------+-------
      Total |     182 |      29 |  13.7 |      64 |       1 |   1.5
            +---------+---------+-------+---------+---------+-------
        D:1 |      39 |       0 |   0.0 |      25 |       0 |   0.0
        D:2 |      57 |      29 |  33.7 |      21 |       1 |   4.5
        D:3 |      72 |       0 |   0.0 |      14 |       0 |   0.0
        D:4 |      14 |       0 |   0.0 |       4 |       0 |   0.0
            +---------+---------+-------+---------+---------+-------
